 Dungeon Crawl Stone Soup version 0.23.0-3-gf3c87f2 (console) character file.

Game seed: 12399840045523355670

14132 erker the Covert (level 11, -14/75 HPs)
             Began as a Vampire Enchanter on Feb 22, 2019.
             Was an Elder of Ashenzari.
             Shot with an arrow by a centaur warrior (15 damage)
             ... on level 13 of the Dungeon.
             The game lasted 01:04:31 (13356 turns).

erker the Covert (Vampire Enchanter)               Turns: 13356, Time: 01:04:32

Health: -14/75     AC:  0    Str:  7    XL:     11   Next: 84%
Magic:  21/23      EV: 23    Int: 21    God:    Ashenzari [****..]
Gold:   266        SH:  0    Dex: 20    Spells: 19/26 levels left

rFire    . . .     SeeInvis +   (weapon currently unavailable)
rCold    + . .     Gourm    .   (shield currently unavailable)
rNeg     + + .     Faith    .   (armour currently unavailable)
rPois    +         Spirit   .   (helmet currently unavailable)
rElec    .         Reflect  .   (cloak currently unavailable)
rCorr    .         Harm     .   (gloves currently unavailable)
MR       +....     Clarity  +   (boots currently unavailable)
Stlth    +++++++...             W - amulet of magic regeneration (curse)
HPRegen  0.11/turn              (ring currently unavailable)
MPRegen  0.43/turn              (ring currently unavailable)

@: bat-form, flying, very slightly contaminated, regenerating slowly, very quick
A: tiny, rotting body, fangs 3, see invisible
a: End Transformation, Curse Item, Scrying, Renounce Religion


You were on level 13 of the Dungeon.
You worshipped Ashenzari.
Ashenzari was greatly pleased with you.
You were very thirsty.
You were in vampire-bat-form.
You visited 1 branch of the dungeon, and saw 13 of its levels.

You collected 791 gold pieces.
You spent 525 gold pieces at shops.

Inventory:

Hand Weapons
 a - a cursed +1 dagger of venom (melded)
 U - a +2 vampiric dagger
 V - a +0 blowgun
Missiles
 v - 44 poisoned needles
 w - 13 tomahawks
 H - 5 needles of paralysis
 K - 6 curare-tipped needles
 M - a throwing net (quivered)
Armour
 d - the +3 robe of Clouds (melded) {+Thunder rCloud rElec}
   (You found it on level 8 of the Dungeon)

   It insulates you from electricity.
 r - a +1 cloak of invisibility (melded)
 y - a +0 helmet (melded)
Jewellery
 l - a ring of ice (melded)
 O - a cursed ring of protection from fire (melded)
 W - a cursed amulet of magic regeneration (around neck)
Wands
 b - a wand of clouds (4)
 f - a wand of polymorph (9)
 s - a wand of disintegration (11)
 t - a wand of flame (62)
 z - a wand of paralysis (8)
 P - a wand of iceblast (9)
 S - a wand of acid (16)
 X - a wand of random effects (24)
Scrolls
 e - 8 scrolls of teleportation {unknown}
 g - 7 scrolls of amnesia {unknown}
 h - 4 scrolls of noise {unknown}
 i - a scroll of fog {unknown}
 j - 2 scrolls of immolation {unknown}
 k - 3 scrolls of remove curse
 n - 12 scrolls of identify
 p - a scroll of random uselessness {unknown}
 x - a scroll of blinking {unknown}
 A - 2 scrolls of magic mapping {unknown}
 B - a scroll of brand weapon {unknown}
 E - 2 scrolls of fear {unknown}
 F - 4 scrolls of enchant armour {unknown}
 G - 3 scrolls of enchant weapon {unknown}
 R - a scroll of silence {unknown}
 Z - a scroll of vulnerability {unknown}
Potions
 c - a potion of berserk rage {unknown}
 m - 5 potions of mutation
 o - 5 potions of heal wounds {unknown}
 q - 27 potions of blood
 u - 2 potions of brilliance
 C - 5 potions of curing
 D - 2 potions of haste {unknown}
 I - 5 potions of degeneration {unknown}
 J - a potion of magic {unknown}
 L - 2 potions of lignification {unknown}
 N - 3 potions of ambrosia {unknown}
 Q - a potion of agility {unknown}
 Y - a potion of flight {unknown}
Miscellaneous
 T - a crystal ball of energy


   Skills:
 + Level 3.2 Fighting
 - Level 6.0(9.5) Short Blades
 - Level 4.0 Armour
 + Level 4.4 Dodging
 - Level 12.0 Stealth
 + Level 8.0 Spellcasting
 - Level 10.0(12.1) Hexes
 - Level 2.0(3.8) Translocations
 * Level 9.5(11.6) Ice Magic
 * Level 4.8(7.0) Evocations


You had 19 spell levels left.
You knew the following spells:

 Your Spells              Type           Power        Failure   Level  Hunger
a - Apportation           Tloc           ###...       1%          1    None
b - Corona                Hex            ######.      1%          1    None
c - Confuse               Hex            ######..     1%          3    None
z - Ensorcelled Hibernat  Hex/Ice        ######       1%          2    None

Your spell library contained the following spells:

 Spells                   Type           Power        Failure   Level  Hunger
 Dazzling Spray           Conj/Hex       ####..       1%          3    None
 Tukima's Dance           Hex            ######..     1%          3    None
 Lesser Beckoning         Tloc           ###.......   4%          3    None
 Fulminant Prism          Conj/Hex       ####......   6%          4    ###....
 Magic Dart               Conj           #...         7%          1    None
 Shock                    Conj/Air       #...         7%          1    None
 Summon Butterflies       Summ           #.......     7%          1    None
 Invisibility             Hex            ######..     9%          6    ######.
 Searing Ray              Conj           #.....       11%         2    None
 Swiftness                Chrm/Air       #.......     11%         2    None
 Static Discharge         Conj/Air       #.......     22%         3    None
 Force Lance              Conj/Tloc      ###.....     34%         4    ###....
 Airstrike                Air            #.........   56%         4    ###....
 Iskenderun's Mystic Bla  Conj           #.......     56%         4    ###....
 Alistair's Intoxication  Tmut/Pois      #.......     89%         5    #####..
 Lightning Bolt           Conj/Air       #.........   89%         5    #####..
 Malign Gateway           Summ/Tloc      ###.......   100%        7    #######
 Monstrous Menagerie      Summ           #.........   100%        7    #######
 Summon Greater Demon     Summ           #.........   100%        7    #######
 Summon Horrible Things   Summ           #.........   100%        8    #######


Dungeon Overview and Level Annotations

Branches:
Dungeon (13/15)            Temple (0/1) D:6            Lair (0/6) D:11
    Orc (0/2) D:12
 Vaults: D:13-14

Altars:
Ashenzari
Elyvilon
Fedhas
Gozag
Nemelex Xobeh
Ru
Uskayaw
Vehumet
Xom
Yredelemnul
The Shining One

Shops:
D:4 %[   D:10 :   D:12 %*(


Innate Abilities, Weirdness & Mutations

Your body is rotting away.
You thrive on raw meat.
You heal slowly.
You have razor-sharp teeth.
You have supernaturally acute eyesight. (SInv)
((You can survive without breathing.))


Message History

You feel somewhat more thirsty. The hippogriff completely misses you.
The hippogriff barely misses you. x2; The centaur warrior shoots an arrow.
The arrow closely misses you.
You turn into a vampire bat.
Your cursed +1 dagger of venom melds into your body.
Your +1 cloak of invisibility melds into your body.
Your +0 helmet melds into your body.
The +3 robe of Clouds {+Thunder rCloud rElec} melds into your body.
Your ring of ice melds into your body.
Your cursed ring of protection from fire melds into your body.
Your cursed +1 dagger of venom stops dripping with poison.
You absorb a burst of magical contamination as your invisibility abruptly ends!
The hippogriff completely misses you. The hippogriff pecks you.
The hippogriff claws you.
The centaur warrior shoots an arrow.
The arrow hits you!!
* * * LOW HITPOINT WARNING * * *
The centaur warrior shoots an arrow.
The arrow misses you.
You see here an arrow.
The centaur warrior shoots an arrow.
The arrow hits you!
You die...

, ,
,,##.....*#......######
** * , ,
#........$.##..# ,, *
,#..........*#..# , ,
,*#.....###+##>.# #### *
, ,,
#.....##..##.(##...# ,,
*, #)..................
+* #...........†.......
, * ,
#.........##..##....,, *
, #####b##..##..# ...# ,
#####(H.(.##..##..#*,..#
, , , ,
#....(............#*
,.#* ,*
,,,+.............##..#*,
,, , * *,,
#.........##..###'#* ,,
, ,,**,
#..##.....##..##..#*, *
, , *#..*#...c.##......#
* ** ,
...,*#.....##..##..# ,
,* , , ,...,,
..........*#..#* ,


You could see a centaur warrior and a hippogriff.

Vanquished Creatures
  Harold (D:9)
  A two-headed ogre (D:12)
  Nergalle (D:11)
  An unseen horror (D:13)
  Pikel (D:5)
  An ugly thing (D:9)
  A centaur zombie (D:11)
  2 gargoyles
  2 centaur skeletons (D:12)
  2 trolls (D:12)
  2 hornets (D:13)
  4 hippogriffs
  A vampire (D:12)
  7 yaks
  A wyvern (D:10)
  2 hungry ghosts
  Menkaure (D:7)
  5 orc warriors
  4 ice beasts
  3 black bears
  A phantom (D:11)
  4 sky beasts
  2 eyes of draining
  A necrophage (D:11)
  5 centaurs
  4 ogres
  4 big kobolds
  5 bullfrogs
  A gnoll sergeant (D:9)
  A water moccasin zombie (D:7)
  19 killer bees
  4 scorpions
  5 wights (D:11)
  3 howler monkeys
  3 crimson imps
  8 hounds
  5 bullfrog zombies
  13 orc wizards
  4 orc priests
  Crazy Yiuf (D:2)
  7 iguanas
  Ijyb (D:3)
  5 worker ants
  A hound skeleton (D:6)
  A howler monkey zombie (D:11)
  Robin (D:2)
  7 gnolls
  A worker ant zombie (D:5)
  A howler monkey skeleton (D:7)
  16 adders
  3 shadow imps
  An ooze (D:3)
  An adder zombie (D:9)
  An adder skeleton (D:7)
  4 worms
  3 dart slugs
  5 leopard geckos
  35 orcs
  4 ball pythons
  A giant cockroach (D:2)
  18 goblins
  5 hobgoblins
  4 jackals (D:2)
  14 kobolds
  7 quokkas
  6 bats
  7 frilled lizards
  2 gnoll zombies (D:7)
  13 rats
311 creatures vanquished.

Vanquished Creatures (others)
  2 slaves (D:5)
  An ogre (D:5)
  4 orc wizards (D:5)
  3 orcs (D:5)
  A quokka (D:5)
11 creatures vanquished.

Grand Total: 322 creatures vanquished

Notes
Turn   | Place    | Note
-------+----------+-------------------------------------------
     0 | D:1      | erker the Vampire Enchanter began the quest for the Orb.
     0 | D:1      | Reached XP level 1. HP: 13/13 MP: 3/3
   132 | D:1      | Reached skill level 5 in Hexes
   371 | D:1      | Reached XP level 2. HP: 19/19 MP: 3/5
   428 | D:1      | Learned a level 2 spell: Ensorcelled Hibernation
   823 | D:2      | Reached XP level 3. HP: 21/24 MP: 2/6
  1045 | D:2      | Reached skill level 1 in Ice Magic
  1166 | D:2      | You fall through a shaft for 2 floors!
  1180 | D:4      | Noticed a scorpion
  1218 | D:2      | Noticed Robin
  1626 | D:2      | Killed Robin
  1626 | D:2      | Reached XP level 4. HP: 27/30 MP: 4/7
  1630 | D:2      | Found a shattered altar of Ashenzari.
  1634 | D:2      | Became a worshipper of Ashenzari the Shackled
  2532 | D:2      | Found a runed translucent door.
  2533 | D:2      | Noticed Crazy Yiuf
  2540 | D:2      | Learned a level 3 spell: Confuse
  2577 | D:2      | Killed Crazy Yiuf
  2577 | D:2      | Reached skill level 5 in Stealth
  2577 | D:2      | Reached XP level 5. HP: 21/35 MP: 0/8
  2717 | D:3      | Noticed Ijyb
  2735 | D:3      | Killed Ijyb
  2826 | D:3      | Found an opulent altar of Gozag.
  2830 | D:3      | Found a blossoming altar of Fedhas.
  3499 | D:4      | Reached XP level 6. HP: 41/41 MP: 5/10
  3501 | D:4      | Reached skill level 6 in Stealth
  3883 | D:4      | Found a sparkling altar of Nemelex Xobeh.
  3996 | D:4      | Found Etobia's Armour Shoppe.
  4129 | D:4      | Reached * piety under Ashenzari
  4274 | D:3      | Reached XP level 7. HP: 44/47 MP: 3/11
  4504 | D:4      | Found Miarr's Food Shoppe.
  4548 | D:5      | Entered Level 5 of the Dungeon
  4754 | D:5      | Reached skill level 7 in Stealth
  5001 | D:5      | Noticed Pikel
  5010 | D:5      | Killed Pikel
  5010 | D:5      | Reached skill level 8 in Stealth
  5010 | D:5      | Reached XP level 8. HP: 41/53 MP: 11/13
  5093 | D:5      | Found a hide-covered altar of Uskayaw.
  6042 | D:6      | Reached skill level 5 in Ice Magic
  6068 | D:6      | Reached skill level 9 in Stealth
  6307 | D:6      | Found a white marble altar of Elyvilon.
  6459 | D:6      | Reached ** piety under Ashenzari
  6464 | D:6      | Found a staircase to the Ecumenical Temple.
  6465 | D:6      | Reached skill level 1 in Fighting
  6582 | D:6      | Reached skill level 5 in Short Blades
  6743 | D:7      | Reached XP level 9. HP: 61/61 MP: 12/15
  6934 | D:7      | Reached skill level 1 in Armour
  6941 | D:7      | Reached skill level 10 in Stealth
  7216 | D:7      | Noticed Menkaure
  7237 | D:7      | Killed Menkaure
  7284 | D:7      | Found a basalt altar of Yredelemnul.
  7851 | D:8      | Found the +3 robe of Clouds {+Thunder rCloud rElec}
  7975 | D:8      | Reached skill level 11 in Stealth
  8015 | D:8      | Found a sacrificial altar of Ru.
  8105 | D:8      | Reached skill level 1 in Evocations
  8316 | D:8      | Found a shimmering altar of Xom.
  8523 | D:8      | Learned a level 1 spell: Apportation
  8654 | D:9      | Noticed Harold
  8764 | D:9      | Killed Harold
  8764 | D:9      | Reached skill level 5 in Spellcasting
  8764 | D:9      | Reached XP level 10. HP: 67/67 MP: 15/17
  9039 | D:9      | Noticed a purple ugly thing
  9046 | D:9      | Killed a purple ugly thing
  9046 | D:9      | Reached skill level 12 in Stealth
  9070 | D:9      | Reached *** piety under Ashenzari
  9077 | D:9      | Found a radiant altar of Vehumet.
  9504 | D:9      | Found a glowing golden altar of the Shining One.
  9637 | D:10     | Entered Level 10 of the Dungeon
  9681 | D:10     | Found Fegyed's Book Shoppe.
  9732 | D:10     | Reached skill level 1 in Translocations
 10861 | D:11     | Noticed Nergalle
 10948 | D:11     | Killed Nergalle
 10948 | D:11     | Reached skill level 10 in Hexes
 10948 | D:11     | Reached XP level 11. HP: 74/74 MP: 9/19
 11160 | D:11     | Found a staircase to the Lair.
 11261 | D:11     | Noticed a red ugly thing
 11479 | D:11     | Reached **** piety under Ashenzari
 11925 | D:12     | Found Keam's Assorted Antiques.
 11933 | D:12     | Bought a leatherbound book for 525 gold pieces
 12057 | D:12     | Found Roug's Food Shoppe.
 12467 | D:12     | Found a staircase to the Orcish Mines.
 12484 | D:12     | Found Quxoq's Weapon Shop.
 12827 | D:12     | Noticed a two-headed ogre
 12830 | D:12     | Killed a two-headed ogre
 13152 | D:13     | Noticed an unseen horror
 13159 | D:13     | Killed an unseen horror
 13165 | D:13     | Noticed a centaur warrior
 13166 | D:13     | Noticed a two-headed ogre
 13331 | D:13     | Noticed a centaur warrior
 13352 | D:13     | HP: 1/75 [centaur warrior/arrow (22)]
 13356 | D:13     | Shot with an arrow by a centaur warrior

Skill      XL: |  1  2  3  4  5  6  7  8  9 10 11 |
---------------+----------------------------------+-----
Hexes          | 5 6 7 9 10 | 10.0
Ice Magic      | 2 3 4 5 6 7 9 |  9.5
Stealth        | 5 6 8 9 11 12 | 12.0
Short Blades   | 2 4 5 6 |  6.0
Spellcasting   | 3 4 5 8 |  8.0
Dodging        | 3 4 |  4.4
Fighting       | 1 2 3 |  3.2
Armour         | 3 4 |  4.0
Evocations     | 1 3 4 |  4.8
Translocations | 2 |  2.0

Action                   |  1- 3 |  4- 6 |  7- 9 | 10-12 || total
-------------------------+-------+-------+-------+-------++-------
Melee: Dagger            |   148 |   127 |   208 |   310 ||   793
       Bite              |    10 |     7 |    15 |    25 ||    57
 Cast: Corona            |    13 |       |       |       ||    13
       Ensorcelled Hiber |    18 |    42 |    85 |    73 ||   218
       Confuse           |       |     3 |    22 |    35 ||    60
Invok: Curse Item        |       |       |     1 |     2 ||     3
 Abil: Bat Form          |     2 |     3 |     4 |     3 ||    12
       End Transformatio |     2 |     3 |     3 |     2 ||    10
       Evoke Invisibilit |       |     1 |       |     1 ||     2
       Evoke Thunderclou |       |       |     1 |     1 ||     2
  Use: Potion            |     2 |     2 |     9 |     2 ||    15
       Scroll            |       |       |     1 |       ||     1
 Stab: Sleeping          |    17 |    35 |    71 |    77 ||   200
       Confused          |       |     3 |    15 |    23 ||    41
       Distracted        |       |       |     1 |     1 ||     2
Armor: Robe              |    41 |    24 |    19 |    47 ||   131
       Leather armour    |       |       |    31 |       ||    31
Dodge: Dodged            |    88 |    62 |   109 |   124 ||   383
